 Dungeon Crawl Stone Soup version 0.28-a0-915-gcd63401287 (webtiles) character file.

Game seed: 12559025626916763139

239 mcbry74 the Vandal (level 6, -10/48 HPs)
             Began as a Formicid Hunter on Nov 25, 2021.
             Shot with an arrow by a centaur (11 damage)
             ... on level 7 of the Dungeon.
             The game lasted 00:17:35 (2597 turns).

mcbry74 the Vandal (Formicid Hunter)                Turns: 2597, Time: 00:17:35

Health: -10/48     AC:  5    Str: 17    XL:     6   Next: 29%
Magic:  6/6        EV: 11    Int: 11    God:
Gold:   179        SH:  0    Dex: 12    Spells: 5/5 levels left

rFire   + . .      SeeInvis +   a - +1 hunting sling
rCold   . . .      Faith    .   (no shield)
rNeg    . . .      Spirit   .   j - +1 leather armour {rF+}
rPois   .          Reflect  .   (helmet unavailable)
rElec   .          Harm     .   (no cloak)
rCorr   .          Rampage  .   e - +0 pair of gloves
Will    .....                   (no boots)
Stlth   +.........              (no amulet)
HPRegen 0.16/turn               h - ring of wizardry
MPRegen 0.10/turn               (no ring)

@: marked
A: permanent stasis, dig shafts and tunnels, antennae 3, four strong arms
a: Dig, Shaft Self


You were on level 7 of the Dungeon.
You visited 1 branch of the dungeon, and saw 5 of its levels.

You collected 179 gold pieces.

Inventory:

Hand Weapons
 a - a +1 hunting sling (weapon)
 b - a +2 falchion of protection
 f - a +0 war axe
 k - a +0 hand axe
 q - a +0 short sword
Missiles
 d - 29 sling bullets (quivered ammo)
 m - 28 stones
 o - a throwing net
Armour
 c - a +0 leather armour
 e - a +0 pair of gloves (worn)
 j - a +1 leather armour of fire resistance (worn)
Jewellery
 h - a ring of wizardry (left hand)
Scrolls
 g - a scroll of teleportation
 l - a scroll of fear {unknown}
 n - 2 scrolls of identify {unknown}
Potions
 i - 3 potions of might {unknown}
 p - a potion of ambrosia {unknown}


   Skills:
 - Level 4.1 Fighting
 * Level 1.4 Long Blades
 + Level 6.6 Slings
 - Level 1.7 Dodging
 - Level 1.2 Stealth


You had 5 spell levels left.
You didn't know any spells.
Your spell library contained the following spells:

 Spells                   Type           Power      Damage    Failure   Level
 Alistair's Intoxication  Tmut/Pois      0%         N/A       99%         5
 Borgnjor's Vile Clutch   Necr/Erth      0%         N/A       99%         5
 Conjure Ball Lightning   Conj/Air       0%         3x3d6     100%        6
 Eringya's Noxious Bog    Tmut/Pois      0%         N/A       100%        6
 Discord                  Hex            0%         N/A       100%        8
 Disjunction              Tloc           0%         N/A       100%        8


Dungeon Overview and Level Annotations

Branches:
Dungeon (4/15)             Temple (0/1) D:7

Altars:
Elyvilon
Yredelemnul


Innate Abilities, Weirdness & Mutations

You cannot be hasted, slowed, berserked, paralysed or teleported.
You can dig through walls and to a lower floor.
You have a pair of large antennae on your head. (SInv)
Your four strong arms can wield two-handed weapons with a shield.


Message History

You shoot a sling bullet.
The sling bullet barely misses the slime creature.
Fire: 30 sling bullets
Press: ? - help, Q - select action, (/) - cycle Shift-Dir - straight line, f/p - slime creature
Aim: a slime creature (lightly wounded, 84% to hit)
You shoot a sling bullet.
The sling bullet hits the slime creature!
The slime creature is moderately wounded.
A black bear comes into view.
Found 25 stones.
The centaur shoots an arrow.
The arrow closely misses you.
A shadow imp comes into view.
Found 11 arrows.
Found a fluorescent wand.
The black bear closely misses you.
The black bear claws you but does no damage.
The black bear misses you. The shadow imp gestures at you.
You struggle to resist.
The centaur unwields a +0 shortbow.
The centaur hits you but does no damage.
The centaur kicks you but does no damage.
A shadow imp comes into view.
You set off the alarm!
A sentinel's mark forms upon you.
The shadow imp shouts, "Remove thy stench, thou errant elf-skinned skainsmate!"
You hear a shout!
You hear a howl!
You hear a croak.
You hear a shout! x4
The centaur wields a +0 shortbow.
The centaur shoots an arrow.
The arrow hits you.
* * * LOW HITPOINT WARNING * * *
A scorpion comes into view.
The centaur shoots an arrow.
The arrow hits you!
* * * LOW HITPOINT WARNING * * *
Found a staircase to the Ecumenical Temple.
The shadow imp laughs crazily.
The shadow imp hits you.
* * * LOW HITPOINT WARNING * * *
The slime creature completely misses you.
A bullfrog comes into view.
The centaur shoots an arrow.
The arrow hits you!
You die...

## #. ######.. .. #
..........#. .##
................##
..........#.#.#...
.........#.......#
........#...#.>.#...
..............#.@....F#
................#.#.#...
.............cJ5s.....#
............/.5h.#.#..#
......................#
..................#...#
......................#
.............(.........
.....................#


You could see a slime creature, a black bear, a bullfrog, a centaur and 2 shadow
imps.

Vanquished Creatures
  A wyvern skeleton (D:4)
  Jessica (D:2)
  Terence (D:3)
  An orc wizard (D:3)
  Natasha (D:2)
  3 adders
  A worm (D:2)
  2 dart slugs (D:1)
  3 orcs (D:3)
  3 ball pythons (D:1)
  5 bats
  6 endoplasms
  2 giant cockroaches (D:1)
  5 goblins
  4 hobgoblins (D:1)
  4 quokkas
  A frilled lizard (D:1)
  5 kobolds
  2 rats
51 creatures vanquished.

Notes
Turn   | Place    | Note
-------+----------+-------------------------------------------
     0 | D:1      | mcbry74 the Formicid Hunter began the quest for the Orb.
     0 | D:1      | Reached XP level 1. HP: 16/16 MP: 1/1
   106 | D:1      | Reached XP level 2. HP: 23/23 MP: 2/2
   321 | D:1      | Reached XP level 3. HP: 13/29 MP: 3/3
   483 | D:1      | Found a faded altar of an unknown god.
   653 | D:1      | Reached skill level 5 in Slings
   889 | D:2      | Noticed Jessica
   891 | D:2      | Killed Jessica
   892 | D:2      | Reached XP level 4. HP: 37/37 MP: 4/4
  1238 | D:2      | Found a white marble altar of Elyvilon.
  1238 | D:2      | Noticed Natasha
  1243 | D:2      | Killed Natasha
  1244 | D:2      | Reached XP level 5. HP: 33/42 MP: 5/5
  1932 | D:3      | Reached skill level 6 in Slings
  1935 | D:3      | Noticed Terence
  1944 | D:3      | Killed Terence
  2032 | D:3      | Found a basalt altar of Yredelemnul.
  2123 | D:3      | Reached XP level 6. HP: 48/48 MP: 6/6
  2475 | D:4      | Reached skill level 1 in Long Blades
  2560 | D:4      | You fall into a shaft and drop 3 floors!
  2569 | D:7      | Noticed a slime creature
  2585 | D:7      | Noticed a black bear
  2593 | D:7      | HP: 2/48 [centaur/arrow (7)]
  2594 | D:7      | Found a staircase to the Ecumenical Temple.
  2597 | D:7      | Shot with an arrow by a centaur

Illustrated notes

Levels and vault maps discovered:
D:1:      dpeg_arrival_lava_altar, layout_basic,
          hellmonk_ecumenical_altar_arch_garden, hangedman_decor_lopped,
          minmay_heptomino_l4
D:2:      minmay_alternating_diamond, layout_basic, basic_altar,
          kennysheep_cluttered_room, uniq_jessica, uniq_natasha
D:3:      layout_basic, mainiacjoe_overflow_small_starburst, uniq_terence
D:4:      layout_basic, uniq_duvessa, uniq_eustachio, uniq_menkaure
D:7:      layout_basic, minmay_temple_entry_sparse_star,
          hangedman_minor_gate_pass

Skill      XL: |  1  2  3  4  5  6 |
---------------+-------------------+-----
Fighting       | 3 4 |  4.1
Slings         | 5 6 |  6.6
Long Blades    | 1 |  1.4
Dodging        | |  1.7
Stealth        | |  1.2

Action                   |  1- 3 |  4- 6 || total
-------------------------+-------+-------++-------
Melee: Short sword       |    51 |    31 ||    82
       Falchion          |       |     8 ||     8
 Fire: Hunting sling     |    33 |    77 ||   110
  Use: Scroll            |       |     1 ||     1
Armor: Leather armour    |    21 |    24 ||    45
Dodge: Dodged            |    35 |    37 ||    72

Table legend: (Time is in decaauts)
 A = Elapsed time spent in this place.
 B = Non-inter-level travel time spent in this place.
 C = Inter-level travel time spent in this place.
 D = Time resting spent in this place.
 E = Time spent auto-exploring this place.
 F = Levels seen in this place.
 G = Mean time per level.
                   A        B        C        D        E       F      G
               +--------+--------+--------+--------+--------+-----+--------+
         Total |   2584 |   2571 |     13 |    452 |   1223 |   5 |  516.8 |
       Dungeon |   2584 |   2571 |     13 |    452 |   1223 |   5 |  516.8 |
               +--------+--------+--------+--------+--------+-----+--------+

Top non-repeatable levels by time:
     D:1: 818 daAuts
     D:2: 806 daAuts
     D:3: 800 daAuts
     D:4: 124 daAuts
     D:7: 35 daAuts
